 Dungeon Crawl Stone Soup version 0.17.1-3-g152610e (webtiles) character file.

4203 MovingMist the Protected (level 10, -2/64 HPs)
             Began as a Tengu Fighter on Apr 25, 2016.
             Was a Believer of Okawaru.
             Slain by an orc warrior
             ... wielding a +0 hand axe
              (13 damage)
             ... on level 9 of the Dungeon on Apr 26, 2016.
             The game lasted 00:25:42 (6779 turns).

MovingMist the Protected (Tengu Fighter)            Turns: 6779, Time: 00:25:42

Health: -2/64      AC: 25    Str: 17    XL:     10   Next: 29%
Magic:  9/11       EV: 16    Int:  8    God:    Okawaru [**....]
Gold:   549        SH:  0    Dex: 20    Spells: 0 memorised, 9 levels left

rFire  . . .     SeeInvis .     s - +2 trident (venom)
rCold  . . .     Clarity  +     h - +9 chain mail of the Barnacle {*Contam rPois Dex+3 Stlth+}
rNeg   . . .     SustAt   .     (no shield)
rPois  +         Gourm    .     (helmet restricted)
rElec  .         Spirit   .     (no cloak)
rCorr  .         Warding  .     t - +0 pair of gloves
rMut   .         Stasis   .     (boots unavailable)
MR     .....                    i - amulet of regeneration
Stlth  +.........               (no ring)
                                (no ring)

@: heroism, not resistant to hostile enchantments, very unstealthy
A: antennae 1, beak, talons 3, thin metallic scales 1, clarity, able to fly 1
a: Fly, Heroism, Renounce Religion


You were on level 9 of the Dungeon.
You worshipped Okawaru.
Okawaru was pleased with you.
You were not hungry.

You visited 2 branches of the dungeon, and saw 10 of its levels.
You also visited: Sewer.

You collected 549 gold pieces.

Inventory:

Hand Weapons
 a - the +2 hand axe "Orphy" {drain, MP+9 Int+7 Dex+2}
   (You found it on level 8 of the Dungeon)

   A truly terrible weapon, it drains the life of those it strikes.
   It affects your intelligence (+7).
   It affects your dexterity (+2).
   It affects your magic capacity (+9).
 s - a +2 trident of venom (weapon)
Missiles
 u - 3 javelins (quivered)
Armour
 h - the +9 chain mail of the Barnacle (worn) {*Contam rPois Dex+3 Stlth+}
   (You found it on level 4 of the Dungeon)

   It affects your dexterity (+3).
   It protects you from poison.
   It causes magical contamination when unequipped.
   It makes you more stealthy.
 t - a +0 pair of gloves (worn)
 y - the -6 pair of gloves of the Ancient Wars {rPois}
   (You found it on level 5 of the Dungeon)

   It protects you from poison.
Jewellery
 b - an uncursed amulet of clarity {unknown}
 f - an uncursed ring of flight
 i - an amulet of regeneration (around neck)
 j - an uncursed amulet of warding {unknown}
 k - an uncursed amulet of resist mutation {unknown}
Wands
 E - a wand of draining (13)
 I - a wand of random effects (14)
Scrolls
 m - 3 scrolls of remove curse
 n - 3 scrolls of recharging
 z - 3 scrolls of teleportation
 C - a scroll of amnesia
 D - a scroll of magic mapping
 F - 2 scrolls of blinking
 G - a scroll of fog
Potions
 c - 5 potions of agility
 d - 4 potions of might
 g - 6 potions of curing
 l - 2 potions of lignification {unknown}
 o - 3 potions of magic {unknown}
 r - 2 potions of poison {unknown}
 v - 3 potions of mutation {unknown}
 w - 3 potions of cure mutation {unknown}
 A - 2 potions of heal wounds {unknown}
 B - a potion of cancellation {unknown}
 H - a potion of flight {unknown}
 J - a potion of resistance {unknown}
 K - a potion of invisibility {unknown}
 L - a potion of ambrosia {unknown}
Books
 x - a book of Party Tricks

   Spells                             Type                      Level
   a - Summon Butterflies             Summoning                    1
   b - Apportation                    Translocation                1
   c - Tukima's Dance                 Hexes                        3
   d - Alistair's Intoxication        Transmutation/Poison         4
   e - Invisibility                   Hexes                        6
Comestibles
 e - 2 bread rations
 p - 5 meat rations
 q - 23 fruits
 N - 9 chunks of flesh


   Skills:
 + Level 7.9(12.9) Fighting
   Level 3.1(8.1) Long Blades
 + Level 7.7(12.7) Polearms
 + Level 8.6(13.6) Armour
 + Level 7.9(12.9) Dodging
   Level 3.0(8.0) Shields


You had 9 spell levels left.
You didn't know any spells.

Dungeon Overview and Level Annotations

Branches:
Dungeon (9/15)             Temple (1/1) D:6
   Lair: D:8-11         Orc: D:9-12

Altars:
Ashenzari
Cheibriados
Dithmenos
Elyvilon
Fedhas
Gozag
Kikubaaqudgha
Makhleb
Okawaru
Qazlal
Ru
Sif Muna
Trog
Vehumet
Xom
Yredelemnul
Zin
The Shining One


Innate Abilities, Weirdness & Mutations

You have a beak for a mouth.
You have claws for feet.
You can fly.
You have a pair of small antennae on your head.
You are partially covered in thin metallic scales (AC +2).
You possess an exceptional clarity of mind.


Message History

The orc priest looks braver for a moment.
You barely miss the orc warrior. Your kick misses the orc warrior.
You peck the orc warrior, but do no damage.
The orc warrior misses you.
You hit the orc warrior.
The orc warrior looks even sicker.
Your kick misses the orc warrior. You peck the orc warrior.
The orc warrior is moderately wounded.
The orc priest invokes the aid of Beogh against you.
Something smites you!
* * * LOW HITPOINT WARNING * * *
The orc priest calls down the wrath of Beogh upon you.
Something smites you!
* * * LOW HITPOINT WARNING * * *
Drink which item? (? for menu, Esc to quit)
You feel better. The orc warrior closely misses you.
You puncture the orc warrior! You claw the orc warrior.
Your peck misses the orc warrior.
The orc warrior is almost dead.
The orc warrior hits you with a hand axe!
You die...

######## ####... #.......
....... ####.......
....... #######..<.......
....... #................
....... #................
....... #................
......{##.........)......
>.....oo@................
+#+#..o##................
#... ################.
#.#. ..... ... .. #.. .##
#.. .


You could see an orc warrior and 2 orc priests.

Vanquished Creatures
  A gargoyle (D:8)
  A wyvern (D:8)
  The ghost of pedritolo the Nimble, an amateur VSTm (D:4)
  A yak (D:8)
  A deep elf mage (D:9)
  A hippogriff (D:7)
  2 sky beasts (D:8)
  A wasp (D:8)
  3 black bears
  3 centaurs
  9 ogres
  A phantom (D:4)
  4 giant frogs
  3 scorpions
  3 killer bees (D:7)
  2 jellies (D:8)
  8 orc wizards
  4 orc priests
  A hound (D:5)
  A centaur skeleton (D:5)
  An iron imp (D:6)
  2 iguanas
  5 worker ants
  A hound zombie (D:5)
  3 gnolls (D:5)
  A worker ant zombie (D:8)
  13 adders
  A shadow imp (D:7)
  13 oozes
  2 adder skeletons
  4 worms
  14 giant geckos
  13 orcs
  10 giant cockroaches
  12 hobgoblins
  8 jackals
  8 kobolds
  16 ball pythons
  8 bats
  A giant gecko skeleton (D:4)
  A giant gecko zombie (D:8)
  12 giant newts
  6 goblins
  A goblin skeleton (D:6)
  A goblin zombie (D:6)
  A jackal skeleton (D:5)
  A kobold skeleton (D:6)
  An orc skeleton (D:6)
  An orc zombie (D:6)
  14 rats
226 creatures vanquished.

Notes
Turn   | Place    | Note
--------------------------------------------------------------
     0 | D:1      | MovingMist the Tengu Fighter began the quest for the Orb.
     0 | D:1      | Reached XP level 1. HP: 14/14 MP: 2/2
   101 | D:1      | Reached skill level 1 in Dodging
   101 | D:1      | Reached XP level 2. HP: 13/19 MP: 3/3
   586 | D:2      | Reached XP level 3. HP: 23/23 MP: 4/4
   943 | D:2      | Reached XP level 4. HP: 25/28 MP: 5/5
  1660 | D:3      | Reached skill level 4 in Armour
  2120 | D:4      | Noticed a phantom
  2121 | D:4      | Noticed pedritolo's ghost (amateur VSTm)
  2176 | D:4      | Killed pedritolo's ghost
  2176 | D:4      | Gained mutation: You can fly. [Tengu growth]
  2176 | D:4      | Reached XP level 5. HP: 4/33 MP: 6/6
  2176 | D:4      | Reached XP level 6. HP: 4/38 MP: 7/7
  2189 | D:4      | Killed a phantom
  2336 | D:4      | Got a translucent chain mail
  2348 | D:4      | Identified the +9 chain mail of the Barnacle {*Contam rPois Dex+3 Stlth+} (You found it on level 4 of the Dungeon)
  2414 | D:4      | Noticed an ogre
  2421 | D:4      | Killed an ogre
  2421 | D:4      | Reached skill level 5 in Armour
  2421 | D:4      | Reached XP level 7. HP: 32/44 MP: 8/8
  2992 | D:5      | Entered Level 5 of the Dungeon
  3013 | D:5      | Got a pair of jewelled gloves
  3056 | D:5      | Reached skill level 5 in Fighting
  3068 | D:5      | Reached XP level 8. HP: 41/49 MP: 9/9
  3155 | D:5      | Identified the cursed -6 pair of gloves of the Ancient Wars {rPois} (You found it on level 5 of the Dungeon)
  3463 | D:5      | Found a deep blue altar of Sif Muna.
  3618 | D:5      | Reached skill level 5 in Dodging
  3631 | D:5      | Reached skill level 6 in Armour
  3882 | D:6      | Found a staircase to the Ecumenical Temple.
  3891 | Temple   | Entered the Ecumenical Temple
  3907 | Temple   | Became a worshipper of Warmaster Okawaru
  3939 | D:6      | Found a stormy altar of Qazlal.
  4021 | D:6      | Found a sacrificial altar of Ru.
  4068 | D:6      | Found a glowing golden altar of the Shining One.
  4124 | D:6      | Found a bloodstained altar of Trog.
  4132 | D:6      | Reached skill level 5 in Polearms
  4340 | D:6      | Reached XP level 9. HP: 52/55 MP: 10/10
  4390 | D:6      | Found a glowing drain.
  4399 | Sewer    | Entered a sewer
  4519 | Sewer    | Reached skill level 7 in Armour
  5167 | D:7      | Reached * piety under Okawaru
  5233 | D:7      | Found an ancient bone altar of Kikubaaqudgha.
  5233 | D:7      | Found a shattered altar of Ashenzari.
  5529 | D:7      | Found a blossoming altar of Fedhas.
  5831 | D:8      | Gained mutation: You possess an exceptional clarity of mind. [potion of beneficial mutation]
  5832 | D:8      | Gained mutation: You are partially covered in thin metallic scales (AC +2). [potion of beneficial mutation]
  5833 | D:8      | Gained mutation: You have a pair of small antennae on your head. [potion of beneficial mutation]
  6066 | D:8      | Found a shadowy altar of Dithmenos.
  6087 | D:8      | Reached ** piety under Okawaru
  6087 | D:8      | Reached skill level 8 in Armour
  6112 | D:8      | Found a white marble altar of Elyvilon.
  6144 | D:8      | Found a snail-covered altar of Cheibriados.
  6146 | D:8      | Found a basalt altar of Yredelemnul.
  6147 | D:8      | Found a burning altar of Makhleb.
  6150 | D:8      | Found a shimmering altar of Xom.
  6151 | D:8      | Got an encrusted hand axe
  6187 | D:8      | Noticed a gargoyle
  6220 | D:8      | Killed a gargoyle
  6220 | D:8      | Reached XP level 10. HP: 3/64 MP: 11/11
  6644 | D:8      | Found a blossoming altar of Fedhas.
  6694 | D:8      | Identified the +2 hand axe "Orphy" {drain, MP+9 Int+7 Dex+2} (You found it on level 8 of the Dungeon)
  6777 | D:9      | HP: 2/64 [orc priest/divine providence (12)]
  6779 | D:9      | Slain by an orc warrior

Action                   |  1- 3 |  4- 6 |  7- 9 | 10-12 || total
-------------------------+-------+-------+-------+-------++-------
Melee: Long sword        |   106 |    46 |       |       ||   152
       Trident           |       |    87 |   434 |    43 ||   564
Invok: Heroism           |       |       |       |     1 ||     1
  Use: Scroll            |     5 |     5 |     8 |     1 ||    19
       Potion            |       |     2 |     4 |     1 ||     7
  Eat: Chunk             |     1 |     5 |    12 |     2 ||    20
       Fruit             |       |       |     1 |       ||     1
       Beef jerky        |       |       |     1 |       ||     1
